 Dungeon Crawl Stone Soup version 0.20-a0-509-ga2a529b (webtiles) character file.

30 Kaname the Stinger (level 3, -1/24 HPs)
             Began as a Demonspawn Venom Mage on Jan 22, 2017.
             Slain by an adder (3 damage)
             ... on level 1 of the Dungeon.
             The game lasted 00:02:56 (1300 turns).

Kaname the Stinger (Demonspawn Venom Mage)          Turns: 1300, Time: 00:02:57

Health: -1/24      AC:  2    Str:  8    XL:     3   Next: 5%
Magic:  1/6        EV: 11    Int: 17    God:
Gold:   37         SH:  3    Dex: 13    Spells: 2/6 levels left

rFire    . . .     SeeInvis .   g - +0 short sword
rCold    . . .     Gourm    .   a - +0 robe
rNeg     . . .     Faith    .   f - +0 buckler
rPois    .         Spirit   .   (no helmet)
rElec    .         Reflect  .   (no cloak)
rCorr    .         Harm     .   (no gloves)
MR       .....                  (no boots)
Stlth    ++........             (no amulet)
Regen    0.1/turn               (no ring)
                                (no ring)

@: lethally poisoned (-1 -> -6), very slightly contaminated
A: talons 1
a: no special abilities


You were on level 1 of the Dungeon.
You were hungry.

You visited 1 branch of the dungeon, and saw 2 of its levels.

You collected 37 gold pieces.

Inventory:

Hand Weapons
 g - a +0 short sword (weapon)
Armour
 a - a +0 robe (worn)
 f - a +0 buckler (worn)
Scrolls
 d - 2 scrolls of teleportation {unknown}
 e - a scroll of magic mapping {unknown}
 h - 3 scrolls of identify {unknown}
 i - a scroll of remove curse {unknown}
 k - a scroll of immolation {unknown}
Books
 b - a Young Poisoner's Handbook

   Spells                             Type                      Level
   a - Sting                          Conjuration/Poison           1
   b - Poisonous Vapours              Poison/Air                   2
   c - Mephitic Cloud                 Conjuration/Poison/Air       3
   d - Olgreb's Toxic Radiance        Poison                       4
   e - Venom Bolt                     Conjuration/Poison           5
Comestibles
 c - a bread ration


   Skills:
 - Level 1.7 Dodging
 - Level 1.7 Stealth
 - Level 2.0 Spellcasting
 - Level 2.0 Conjurations
 + Level 3.8 Poison Magic


You had 2 spell levels left.
You knew the following spells:

 Your Spells              Type           Power        Failure   Level  Hunger
a - Sting                 Conj/Pois      ##..         12%         1    #......
b - Mephitic Cloud        Conj/Pois/Air  #.......     54%         3    ###....


Dungeon Overview and Level Annotations

Branches:
Dungeon (2/15)

Altars:
Nemelex Xobeh


Innate Abilities, Weirdness & Mutations

You have sharp toenails.


Message History

Casting: Sting
Confirm with . or Enter, or press ? or * to list all spells.
You don't have enough magic to cast that spell.
You hit the adder. Your kick misses the adder.
The adder is almost dead.
You feel sick. The adder bites you.
* * * LOW HITPOINT WARNING * * *
You are lethally poisoned!
The adder poisons you!
You hit the adder but do no damage.
The adder is almost dead.
The adder bites you.
* * * LOW HITPOINT WARNING * * *
You block the adder's attack.
Your shield prevents you from hitting the adder.
You claw the adder, but do no damage.
The adder is almost dead.
* * * LOW HITPOINT WARNING * * *
You feel sick. The adder bites you.
You die...

#.# #((8.('.<.#
##. #.#
#..(((#(..####.
#.#
#((..(#...#.##รท
#.#
###..(###.##.#..
#.# #.#...#
####.... #.#
#.##.### ###..
#.# #.##'#.# #..
#.###.##...# #..
#..@Sg.....# #)#
#####>####.# #.#
#...###.#####
#.#
#.....#.....#
#.#
#...#.#####.#
#..
#####.#####.#
##^ #...#....#.#
#. #.##.###.#.#
##. #.##.#
#.#.###..


You could see an adder and a hobgoblin.

Vanquished Creatures
  2 leopard geckos (D:1)
  6 bats (D:1)
  A giant cockroach (D:1)
  3 hobgoblins (D:1)
  8 jackals (D:1)
  2 kobolds (D:1)
  A frilled lizard (D:1)
  2 rats (D:1)
25 creatures vanquished.

Notes
Turn   | Place    | Note
-------+----------+-------------------------------------------
     0 | D:1      | Kaname the Demonspawn Venom Mage began the quest for the Orb.
     0 | D:1      | Reached XP level 1. HP: 13/13 MP: 3/3
   273 | D:1      | Gained mutation: You have sharp toenails. [demonic ancestry]
   273 | D:1      | Reached XP level 2. HP: 16/19 MP: 0/5
   957 | D:1      | Reached XP level 3. HP: 10/24 MP: 1/6
   962 | D:1      | Learned a level 3 spell: Mephitic Cloud
  1065 | D:1      | Found a sparkling altar of Nemelex Xobeh.
  1300 | D:1      | Slain by an adder

Vault maps used:
D:1:      minmay_arrival_shattered_statue, nemelex_xobeh_ov_fountains_minmay

Skill      XL: |  1 |
---------------+----+-----
Conjurations   | 2 |  2.0
Dodging        | |  1.7
Stealth        | |  1.7
Spellcasting   | |  2.0
Poison Magic   | |  3.8

Action                   || total
-------------------------++-------
Melee: Unarmed           ||     7
       Club              ||    17
       Short sword       ||    57
       Kick              ||    14
 Cast: Sting             ||    31
  Eat: Chunk             ||     1
Armor: Robe              ||    30
Dodge: Dodged            ||    61
Block: Buckler           ||    17
